AoeStats
← AiM | Fubuki Sinri

Arabia

509821673Analyzed
4v4 RM · 5d ago on Sep 28, 2026· 65m 29s· 8 players
Game mode
Random Map
Map size
Large (8 player)
Population
200
Speed
Normal
Resources
Standard
Victory
Conquest
Starting age
Dark Age
Ending age
Imperial Age
RankedLock teamsTeams togetherTeam positionsShared explorationLock speedFull tech treeHidden civsTurbo modeCheats
Victory
Defeat
🇲🇽 Mongols · Mexico
1809
+6
🇲🇽 Britons · Mexico
1696
+9
🇲🇽 Varangians · Mexico
1349
+22
🇲🇽 Magyars · Mexico
1294
+24
🇦🇷 Persians · Argentina
1615
-19
🇲🇽 Shu · Mexico
1587
-18
🇨🇱 Ethiopians · Chile
1583
-18
🇨🇱 Varangians · Chile
1264
-6
AiM | Fubuki Sinri
6:20 Loom
8:33 Feudal Age
11:01 Fletching
15:53 Double-Bit Axe
16:29 Padded Archer Armor
24:16 Castle Age
22:44 Horse Collar
23:06 Gold Mining
24:18 Crossbowman
24:54 Bodkin Arrow
26:22 Wheelbarrow
26:42 Leather Archer Armor
27:26 Ballistics
30:19 Thumb Ring
33:56 Gold Shaft Mining
33:11 Stone Mining
33:44 Town Watch
41:32 Imperial Age
41:28 Town Patrol
41:37 Arbalester
42:44 Bracer
44:09 Chemistry
45:28 Ring Archer Armor
45:47 Bolt Magazine
48:13 Siege Engineers
52:27 Fortified Wall
53:25 Masonry
54:32 Onager
AIM | Agua cate 98
5:57 Loom
8:50 Feudal Age
9:31 Double-Bit Axe
15:46 Forging
17:43 Bloodlines
17:38 Horse Collar
19:17 Wheelbarrow
22:22 Castle Age
28:19 Scale Barding Armor
29:13 Husbandry
31:59 Chain Barding Armor
38:27 Iron Casting
38:59 Town Watch
40:33 Heavy Plow
40:50 Bow Saw
46:08 Imperial Age
48:44 Coinage
52:50 Masonry
AiM | PoRRo
6:19 Loom
8:53 Feudal Age
11:55 Fletching
15:49 Double-Bit Axe
20:47 Wheelbarrow
24:24 Castle Age
24:38 Gold Mining
24:27 Crossbowman
25:06 Bodkin Arrow
25:16 Padded Archer Armor
25:11 Town Watch
26:33 Ballistics
28:30 Bow Saw
31:03 Thumb Ring
31:33 Leather Archer Armor
35:24 Elite Skirmisher
42:00 Imperial Age
39:43 Horse Collar
42:43 Bracer
43:45 Chemistry
43:41 Arbalester
45:44 Conscription
49:29 Ring Archer Armor
50:40 Conscription
AiM | Velatrixxx
7:04 Loom
9:24 Feudal Age
25:56 Forging
26:31 Bloodlines
28:28 Castle Age
26:27 Double-Bit Axe
27:32 Scale Barding Armor
27:29 Horse Collar
27:44 Gold Mining
29:24 Wheelbarrow
29:51 Bow Saw
38:21 Iron Casting
40:09 Husbandry
41:32 Wheelbarrow
40:43 Town Watch
42:08 Chain Barding Armor
42:15 Stone Mining
42:31 Heavy Plow
44:08 Hand Cart
48:53 Imperial Age
49:19 Cavalier
51:14 Blast Furnace
hK | SoyLaHostia
7:52 Feudal Age
8:41 Double-Bit Axe
9:38 Horse Collar
10:03 Loom
15:12 Forging
16:33 Scale Barding Armor
18:49 Bloodlines
24:48 Castle Age
24:39 Gold Mining
25:43 Husbandry
25:57 Bow Saw
25:47 Heavy Plow
25:12 Light Cavalry
28:28 Wheelbarrow
28:54 Chain Barding Armor
31:38 Iron Casting
34:50 Hand Cart
35:55 Stone Mining
36:42 Gold Shaft Mining
36:21 Town Watch
37:42 Fletching
37:53 Padded Archer Armor
40:24 Imperial Age
38:37 Ballistics
38:28 Masonry
39:22 Bodkin Arrow
39:43 Leather Archer Armor
40:31 Stone Shaft Mining
41:27 Conscription
41:08 Bracer
42:10 Chemistry
40:33 Cavalier
41:22 Nomads
40:53 Sappers
41:58 Hoardings
41:47 Thumb Ring
42:59 Blast Furnace
42:26 Elite Mangudai
44:10 Parthian Tactics
47:57 Town Patrol
48:33 Coinage
51:29 Drill
50:38 Capped Ram
51:25 Siege Engineers
51:26 Guard Tower
51:57 Siege Ram
54:11 Onager
woodyshaack
7:04 Loom
9:22 Feudal Age
9:52 Double-Bit Axe
19:55 Horse Collar
22:06 Fletching
24:56 Wheelbarrow
24:32 Padded Archer Armor
27:39 Castle Age
28:17 Gold Mining
33:57 Bow Saw
33:43 Bodkin Arrow
40:37 Ballistics
42:21 Padded Archer Armor
45:42 Imperial Age
44:44 Leather Archer Armor
44:27 Murder Holes
46:02 Hand Cart
48:48 Two-Man Saw
47:52 Heavy Plow
48:56 Chemistry
49:47 Heavy Mounted Crossbowman
49:52 Cranequins
51:44 Bracer
53:11 Conscription
53:22 Ring Archer Armor
54:24 Gothikon
54:48 Onager
56:42 Town Watch
60:34 Town Patrol
ZepedaAn
6:09 Loom
8:27 Feudal Age
9:04 Double-Bit Axe
15:56 Horse Collar
16:55 Scale Barding Armor
18:20 Bloodlines
22:49 Castle Age
21:21 Gold Mining
23:32 Wheelbarrow
23:56 Chain Barding Armor
24:05 Bow Saw
30:34 Gold Shaft Mining
30:59 Husbandry
34:43 Hand Cart
34:14 Town Watch
35:19 Stone Mining
38:40 Imperial Age
39:17 Herbal Medicine
40:05 Plate Barding Armor
38:53 Cavalier
39:34 Light Cavalry
41:27 Two-Man Saw
40:29 Heavy Plow
41:44 Crop Rotation
43:10 Town Patrol
43:51 Paladin
45:42 Conscription
45:50 Corvinian Army
46:16 Fletching
49:02 Chemistry
48:23 Ballistics
50:44 Elite Magyar Huszar
53:17 Caravan
MooN | MooN
6:15 Loom
8:55 Feudal Age
12:21 Fletching
15:46 Double-Bit Axe
22:10 Castle Age
21:52 Padded Archer Armor
22:15 Crossbowman
22:54 Bodkin Arrow
25:43 Ballistics
27:02 Leather Archer Armor
28:14 Town Watch
29:07 Wheelbarrow
32:51 Town Watch
36:20 Hand Cart
40:03 Imperial Age
37:47 Gold Mining
37:48 Stone Mining
39:34 Bow Saw
40:45 Bracer
41:47 Chemistry
42:22 Arbalester
45:45 Conscription
46:45 Ring Archer Armor
46:56 Warwolf
49:34 Masonry
49:15 Elite Skirmisher
52:00 Architecture
51:35 Siege Engineers
54:18 Gold Shaft Mining
53:24 Horse Collar
54:45 Two-Man Saw
54:41 Hoardings
55:02 Caravan
55:14 Guilds
56:46 Yeomen
57:19 Coinage
61:11 Spies/Treason
62:24 Heavy Plow
64:08 Sappers
64:59 Town Patrol
Connection lost

Rejoining the realm…

Still unreachable

The connection could not be restored.

Session expired

The server has moved on; the page needs a fresh start.